 Dungeon Crawl Stone Soup version 0.29.1-14-g9c671dbff4 (webtiles) character file.

Game seed: 16554247091278258761

100 MacCMillion the Conjurer (level 4, 0/33 HPs)
             Began as a Draconian Conjurer on Feb 15, 2023.
             Succumbed to an orc's poison
             ... on level 3 of the Dungeon.
             The game lasted 00:07:07 (3299 turns).

MacCMillion the Conjurer (Draconian Conjurer)       Turns: 3299, Time: 00:07:08

Health: 0/33       AC:  6    Str:  9    XL:     4   Next: 46%
Magic:  1/7        EV: 12    Int: 20    God:
Gold:   104        SH:  5    Dex: 10    Spells: 4/7 levels left

rFire   . . .      SeeInvis .   c - +0 dagger
rCold   . . .      Faith    .   (no shield)
rNeg    . . .      Spirit   .   (body armour unavailable)
rPois   .          Reflect  +   (helmet restricted)
rElec   .          Harm     .   (no cloak)
rCorr   .          Rampage  .   (no gloves)
Will    .....                   b - +0 pair of boots
Stlth   ++........              f - amulet of reflection
HPRegen 0.11/turn               (no ring)
MPRegen 0.10/turn               (no ring)

@: mighty, lethally poisoned (0 -> -3), on berserk cooldown, flying, slowed,
very slow
A: AC +5, unfitting armour, cold-blooded
a: no special abilities


You were on level 3 of the Dungeon.
You visited 1 branch of the dungeon, and saw 3 of its levels.

You collected 104 gold pieces.

Inventory:

Hand Weapons
 c - a +0 dagger (weapon)
Armour
 b - a +0 pair of boots (worn)
Jewellery
 f - an amulet of reflection (around neck)
 k - a ring of fire
Scrolls
 d - a scroll of noise {unknown}
 e - 2 scrolls of identify {unknown}
 g - a scroll of butterflies {unknown}
 h - 2 scrolls of immolation {unknown}
 l - 2 scrolls of teleportation {unknown}
Potions
 a - a potion of magic
 m - a potion of berserk rage


   Skills:
 - Level 1.7 Dodging
 - Level 1.7 Stealth
 - Level 2.0 Spellcasting
 + Level 6.0 Conjurations


You had 4 spell levels left.
You knew the following spells:

 Your Spells              Type           Power      Damage    Failure   Level
a - Magic Dart            Conj           100%       1d8       1%          1
b - Searing Ray           Conj           52%        2d6       1%          2

Your spell library contained the following spells:

 Spells                   Type           Power      Damage    Failure   Level
 Dazzling Flash           Conj/Hex       28%        N/A       14%         3
 Fulminant Prism          Conj/Hex       7%         3d7       41%         4
 Iskenderun's Mystic Bla  Conj/Tloc      14%        2d5       41%         4


Dungeon Overview and Level Annotations

Branches:
Dungeon (3/15)

Altars:

Annotations:
D:2 Sigmund


Innate Abilities, Weirdness & Mutations

Your plain brown scales are hard. (AC +5)
You cannot fit into any form of body armour.
You are cold-blooded and may be slowed by cold attacks.


Message History

You hit the orc.
You kill the orc!
* * * LOW HITPOINT WARNING * * *
You feel very sick.
Your Conjurations skill increases to level 6!
There is a lethal amount of poison in your body!
Unknown command.
It was a potion of might.
You feel very mighty all of a sudden.
* * * LOW HITPOINT WARNING * * *
You feel very sick.
It was a potion of berserk rage.
A red film seems to cover your vision as you go berserk!
You feel yourself moving faster!
You feel mighty!
* * * LOW HITPOINT WARNING * * *
You feel sick.
You are too berserk!
You start resting.
You feel a strong urge to attack something.
* * * LOW HITPOINT WARNING * * *
You feel sick.
* * * LOW HITPOINT WARNING * * *
You feel sick.
You feel your anger nearly subside.
* * * LOW HITPOINT WARNING * * *
You feel sick.
You are no longer berserk.
You are exhausted.
You feel yourself slow down.
* * * LOW HITPOINT WARNING * * *
You feel sick.
It was a potion of flight.
You feel very buoyant.
You fly up into the air.
* * * LOW HITPOINT WARNING * * *
You feel sick.
Okay, then.
There is a lethal amount of poison in your body!
There is a lethal amount of poison in your body!
You die...

#.####.# .......
# #.# ######.
####.# #.† #
#....# # #.#
#.#.##.#.# #.#
#.#.##...# #.#
####.....##.#
#.#
..........##.###
#
#####...@.......
###..##...##
#..# ...# #...
..# #.## .# #..
##


There were no monsters in sight!

Vanquished Creatures
  3 adders
  2 worms (D:2)
  2 dart slugs
  An orc (D:3)
  7 ball pythons
  6 bats
  8 endoplasms
  2 giant cockroaches (D:1)
  8 hobgoblins
  2 quokkas
  3 frilled lizards
  2 goblins (D:1)
  9 kobolds
  5 rats
60 creatures vanquished.

Notes
Turn   | Place    | Note
-------+----------+-------------------------------------------
     0 | D:1      | MacCMillion the Draconian Conjurer began the quest for the
                  | Orb.
     0 | D:1      | Reached XP level 1. HP: 14/14 MP: 3/3
   350 | D:1      | Reached XP level 2. HP: 20/20 MP: 0/5
   634 | D:1      | Learned a level 2 spell: Searing Ray
  1057 | D:1      | Reached skill level 5 in Conjurations
  1060 | D:1      | Reached XP level 3. HP: 26/26 MP: 2/6
  2101 | D:2      | Noticed Sigmund
  2628 | D:2      | Reached XP level 4. HP: 33/33 MP: 1/7
  2811 | D:2      | Found a faded altar of an unknown god.
  3292 | D:3      | Reached skill level 6 in Conjurations
  3298 | D:3      | HP: 1/33 [poisoned by an orc]
  3299 | D:3      | Succumbed to an orc's poison

Illustrated notes

Levels and vault maps discovered:
D:1:      lemuel_arrival_broad_hall, layout_basic
D:2:      layout_loops_ring, hellmonk_ecumenical_altar_zigzags,
          item_on_display_a, uniq_natasha, uniq_sigmund
D:3:      layout_basic

Skill      XL: |  1  2  3  4 |
---------------+-------------+-----
Conjurations   | 5 6 |  6.0
Dodging        | |  1.7
Stealth        | |  1.7
Spellcasting   | |  2.0

Action                   |  1- 3 |  4- 6 || total
-------------------------+-------+-------++-------
Melee: Dagger            |     6 |     7 ||    13
       Tailslap          |     2 |     1 ||     3
       Punch             |       |     1 ||     1
 Cast: Magic Dart        |    60 |     6 ||    66
       Searing Ray       |    14 |     8 ||    22
  Use: Potion            |       |     3 ||     3
 Stab: Distracted        |       |     1 ||     1
Armor: Skin              |     1 |     4 ||     5
Dodge: Dodged            |     5 |     9 ||    14
Block: Other             |     1 |     1 ||     2
